 Dungeon Crawl Stone Soup version 0.30-a0-627-gc11e7ae810 (webtiles) character file.

Game seed: 2961764905817567989

4 Bnni the Sneak (level 1, 0/11 HPs)
             Began as a Vine Stalker Brigand on Jan 12, 2023.
             Slain by a jackal (3 damage)
             ... on level 1 of the Dungeon.
             The game lasted 00:00:22 (151 turns).

Bnni the Sneak (Vine Stalker Brigand)                Turns: 151, Time: 00:00:22

Health: 0/11       AC:  3    Str: 13    XL:     1   Next: 60%
Magic:  0/2        EV: 11    Int: 11    God:
Gold:   29         SH:  0    Dex: 15    Spells: 0/0 levels left

rFire   . . .      SeeInvis .    a - +2 dagger
rCold   . . .      Faith    .    (no shield)
rNeg    . . .      Spirit   +    b - +0 robe
rPois   .          Reflect  .    (no helmet)
rElec   .          Harm     .    c - +0 cloak
rCorr   .          Rampage  .    (no gloves)
Will    .....                    (no boots)
Stlth   +++                      (no amulet)
HPRegen 0.21/turn                (no ring)
MPRegen 0.08/turn                (no ring)

@: no status effects
A: fangs 2, magic shield, antimagic bite, no potion heal 2
a: no special abilities


You were on level 1 of the Dungeon.
You visited 1 branch of the dungeon, and saw 1 of its levels.

You collected 29 gold pieces.

Inventory:

Hand Weapons
 a - a +2 dagger (weapon)
Missiles
 d - 9 poisoned darts (quivered)
 e - 3 curare-tipped darts
Armour
 b - a +0 robe (worn)
 c - a +0 cloak (worn)
Potions
 f - a potion of haste {unknown}


   Skills:
 + Level 1.8 Fighting
 * Level 1.9 Short Blades
 - Level 1.7 Throwing
 - Level 0.7 Dodging
 * Level 5.0 Stealth


You couldn't memorise any spells.
You didn't know any spells.
Your spell library was empty.

Dungeon Overview and Level Annotations

Branches:
Dungeon (1/15)

Altars:


Innate Abilities, Weirdness & Mutations

You have extremely sharp teeth.
When hurt, damage is shared between your health and your magic reserves.
Your bite disrupts and absorbs the magic of your enemies.
Potions cannot restore your health.


Message History

* * * LOW HITPOINT WARNING * * *
The jackal bites the bush but does no damage. x2
The jackal barely misses you.
The ball python bites the bush but does no damage.
You barely miss the jackal. Your bite misses the jackal.
The jackal is almost dead.
The jackal bites the bush but does no damage. x2
The jackal closely misses you.
The jackal bites the bush but does no damage.
The jackal misses you.
The ball python bites the bush but does no damage.
The jackal bites the bush but does no damage. x2
The jackal bites you.
* * * LOW HITPOINT WARNING * * *
You hit the jackal.
The jackal is almost dead.
The jackal bites the bush but does no damage.
The jackal barely misses you.
The jackal bites the bush but does no damage.
The jackal bites the bush.
The jackal closely misses you.
The ball python bites the bush but does no damage.
The jackal bites the bush but does no damage.
The jackal bites you but does no damage.
You hit the jackal.
You kill the jackal!
The jackal bites the bush but does no damage.
Your Stealth skill increases to level 5!
You closely miss the jackal.
The jackal is almost dead.
The jackal barely misses you. The jackal bites you.
The jackal bites the bush but does no damage.
The ball python bites the bush but does no damage.
The quokka twitches its whiskers.
The jackal barely misses you.
You hit the jackal.
You kill the jackal!
The jackal bites the bush but does no damage.
The quokka twitches its whiskers.
The jackal bites you.
You die...

#.#.######........###r....
..#.######........# ...
#.#...............### .
#########PPPPPPP.PPP# .
......P.P.hrP# ..
##.PPP.P.PhP.P#... ...
P.P..SP......
##..P.P.P.PhPPP##.#
#..P.....P@h.P# #


#..PPP.PPPPPPP# P.P...P.P.P# P.P.P.P.P.P P...P ....P P. PPP P P You could see a
quokka, 4 jackals and a ball python.

Vanquished Creatures
  3 jackals (D:1)
  A frilled lizard (D:1)
  A rat (D:1)
5 creatures vanquished.

Notes
Turn   | Place    | Note
-------+----------+-------------------------------------------
     0 | D:1      | Bnni the Vine Stalker Brigand began the quest for the Orb.
     0 | D:1      | Reached XP level 1. HP: 11/11 MP: 2/2
   150 | D:1      | Reached skill level 5 in Stealth
   151 | D:1      | Slain by a jackal

Illustrated notes

Levels and vault maps discovered:
D:1:      spicycebolla_arrival_clurvy, layout_basic, minmay_hedge_maze,
          amcnicky_mini_pool_small

Skill      XL: |  1 |
---------------+----+-----
Stealth        | 5 |  5.0
Fighting       | |  1.8
Short Blades   | |  1.9
Throwing       | |  1.7
Dodging        | |  0.7

Action                   || total
-------------------------++-------
Melee: Dagger            ||    19
       Bite              ||     4
Armor: Robe              ||     6
Dodge: Dodged            ||    19

Table legend: (Time is in decaauts)
 A = Elapsed time spent in this place.
 B = Non-inter-level travel time spent in this place.
 C = Inter-level travel time spent in this place.
 D = Time resting spent in this place.
 E = Time spent auto-exploring this place.
 F = Levels seen in this place.
 G = Mean time per level.
                   A        B        C        D        E       F      G
               +--------+--------+--------+--------+--------+-----+--------+
         Total |    149 |    149 |      0 |      0 |    108 |   1 |  149.0 |
       Dungeon |    149 |    149 |      0 |      0 |    108 |   1 |  149.0 |
               +--------+--------+--------+--------+--------+-----+--------+

Top non-repeatable levels by time:
     D:1: 149 daAuts
